 Dungeon Crawl Stone Soup version 0.28.0-53-g5a82cb258f (webtiles) character file.

Game seed: 3374795053772137618

228269 jjjjhere the Warrior (level 18, -2/178 HPs)
             Began as a Minotaur Hunter on Oct 22, 2022.
             Was a High Priest of Jiyva.
             Slain by a merfolk impaler
             ... wielding a +0 trident
              (7 damage)
             ... on level 4 of the Shoals.
             The game lasted 01:27:06 (43282 turns).

jjjjhere the Warrior (Minotaur Hunter)             Turns: 43282, Time: 01:27:06

Health: -2/178     AC: 28    Str: 24    XL:     18   Next: 26%
Magic:  17/17      EV:  8    Int: 10    God:    Jiyva [*****.]
Gold:   1733       SH: 14    Dex: 16    Spells: 17/17 levels left

rFire   . . .      SeeInvis .   X - +3 demon trident (vamp)
rCold   + . .      Faith    .   A - +1 kite shield {reflect}
rNeg    + . .      Spirit   .   p - +2 plate armour {rC+}
rPois   .          Reflect  +   K - +2 hat {Will+}
rElec   .          Harm     .   (no cloak)
rCorr   +          Rampage  .   I - +2 pair of gloves of Free Will {rN+ Stlth+}
rMut    +                       P - +2 pair of boots
Will    ++++.                   Z - amulet of the acrobat
Stlth   ..........              a - +4 ring of protection
HPRegen 1.83/turn               f - +4 ring of slaying
MPRegen 0.60/turn

@: lethally poisoned (-2 -> -2), calling ooze
A: horns 2, retaliatory headbutt, hooves 2, agile 2, clever 1, strong-willed 2,
mutation resistance 3, sense surroundings 1, pseudopods 1, tendrils, jelly
sensing items
}: 2/15 runes: slimy, gossamer
a: Renounce Religion, Oozemancy, Slimify


You were on level 4 of the Shoals.
You worshipped Jiyva.
Jiyva was extremely pleased with you.
You visited 7 branches of the dungeon, and saw 37 of its levels.
You also visited: Ossuary, Bailey and Ice Cave.

You collected 2265 gold pieces.
You spent 532 gold pieces at shops.

Inventory:

Hand Weapons
 l - a +4 demon trident
 y - a +5 demon whip of flaming
 X - a +3 vampiric demon trident (weapon)
Missiles
 c - 23 javelins
 e - 24 boomerangs (quivered)
 s - 2 throwing nets
 v - 3 curare-tipped darts
 x - 27 poisoned darts
 D - 3 datura-tipped darts
 J - 6 atropa-tipped darts
Armour
 m - a +0 tower shield
 p - a +2 plate armour of cold resistance (worn)
 A - a +1 kite shield of reflection (worn)
 E - a +1 cloak of poison resistance
 I - the +2 pair of gloves of Free Will (worn) {rN+ Stlth+}
   (You found it on level 5 of the Pits of Slime)

   rN:        It protects you from negative energy.
   Stlth:     It makes you more stealthy.
 K - a +2 hat of willpower (worn)
 N - a scarf of invisibility
 P - a +2 pair of boots (worn)
Jewellery
 a - a +4 ring of protection (left hand)
 f - a +4 ring of slaying (right hand)
 o - a ring of positive energy
 r - a ring of poison resistance
 u - a +4 ring of evasion
 w - a ring of see invisible
 R - the amulet of Fatigue {RegenMP rElec rPois Will- Str+5}
   (You found it on level 8 of the Dungeon)

   [amulet of magic regeneration]

   It increases your rate of magic regeneration.
   Str:       It affects your strength (+5).
   rElec:     It insulates you from electricity.
   rPois:     It protects you from poison.
   Will:      It decreases your willpower.
 Z - an amulet of the acrobat (around neck)
Wands
 d - a wand of digging (2)
 n - a wand of flame (16)
 C - a wand of acid (9)
 G - a wand of paralysis (3)
 L - a wand of iceblast (2)
Scrolls
 g - 2 scrolls of fear
 k - 6 scrolls of teleportation
 t - a scroll of summoning
 H - 4 scrolls of enchant armour
 M - 4 scrolls of blinking
 T - 3 scrolls of magic mapping
 U - 3 scrolls of fog
 W - 2 scrolls of enchant weapon
 Y - 12 scrolls of identify
Potions
 b - a potion of magic
 h - 2 potions of heal wounds
 i - 2 potions of invisibility
 j - 4 potions of haste
 q - 5 potions of ambrosia
 z - 14 potions of curing
 B - 3 potions of mutation
 F - 2 potions of cancellation
 O - 2 potions of might
 Q - 2 potions of berserk rage
 S - 2 potions of flight
 V - a potion of resistance


   Skills:
 + Level 20.1 Fighting
 - Level 16.0(17.0) Axes
 - Level 9.6(14.0) Polearms
 - Level 11.0 Throwing
 + Level 17.7 Armour
 - Level 2.1 Dodging
 - Level 0.7 Stealth
 - Level 14.0 Shields
 - Level 12.6 Evocations


You had 17 spell levels left.
You didn't know any spells.
Your spell library contained the following spells:

 Spells                   Type           Power      Damage    Failure   Level
 Animate Skeleton         Necr           0%         N/A       99%         1
 Apportation              Tloc           0%         N/A       99%         1
 Foxfire                  Conj/Fire      0%         2x1d4     99%         1
 Pain                     Necr           0%         1d4       99%         1
 Slow                     Hex            0%         N/A       99%         1
 Summon Small Mammal      Summ           0%         N/A       99%         1
 Blink                    Tloc           0%         N/A       100%        2
 Static Discharge         Conj/Air       0%         N/A       100%        2
 Sublimation of Blood     Necr           0%         N/A       100%        2
 Call Canine Familiar     Summ           0%         N/A       100%        3
 Confusing Touch          Hex            0%         N/A       100%        3
 Conjure Flame            Conj/Fire      0%         6-21      100%        3
 Ignite Poison            Fire/Tmut/Pois 0%         N/A       100%        3
 Inner Flame              Hex/Fire       0%         N/A       100%        3
 Portal Projectile        Hex/Tloc       0%         N/A       100%        3
 Summon Guardian Golem    Hex/Summ       0%         N/A       100%        3
 Vampiric Draining        Necr           0%         2d6       100%        3
 Cause Fear               Hex            0%         N/A       100%        4
 Flame Wave               Conj/Fire      0%         2d4       100%        4
 Leda's Liquefaction      Hex/Erth       0%         N/A       100%        4
 Olgreb's Toxic Radiance  Pois           0%         N/A       100%        4
 Passage of Golubria      Tloc           0%         N/A       100%        4
 Petrify                  Tmut/Erth      0%         N/A       100%        4
 Sticky Flame             Conj/Fire      0%         2d3       100%        4
 Blade Hands              Tmut           0%         N/A       100%        5
 Excruciating Wounds      Necr           0%         N/A       100%        5
 Fireball                 Conj/Fire      0%         3d3       100%        5
 Irradiate                Conj/Tmut      0%         3d13      100%        5
 Lightning Bolt           Conj/Air       0%         1d11      100%        5
 Manifold Assault         Tloc           0%         N/A       100%        5
 Metabolic Englaciation   Hex/Ice        0%         N/A       100%        5
 Silence                  Hex/Air        0%         N/A       100%        5
 Statue Form              Tmut/Erth      0%         N/A       100%        6
 Ozocubu's Refrigeration  Ice            0%         4d5       100%        7
 Storm Form               Tmut/Air       0%         N/A       100%        7
 Discord                  Hex            0%         N/A       100%        8
 Ignition                 Fire           0%         3d3       100%        8
 Lehudib's Crystal Spear  Conj/Erth      0%         10d2      100%        8
 Maxwell's Capacitive Co  Air            0%         ∞         100%        8
 Chain Lightning          Conj/Air       0%         N/A       100%        9
 Fire Storm               Conj/Fire      0%         5d1       100%        9
 Shatter                  Erth           0%         3d5*      100%        9


Dungeon Overview and Level Annotations

Branches:
Dungeon (15/15)            Temple (1/1) D:5            Lair (6/6) D:9
 Shoals (4/4) Lair:2       Spider (4/4) Lair:2        Slime (5/5) Lair:5
    Orc (2/2) D:9             Elf (0/3) Orc:2        Vaults (0/5) D:14
 Depths (0/4) D:15        Ossuary (visited)          Bailey (visited)
  IceCv (visited)

Altars:
Ashenzari
Cheibriados
Dithmenos
Elyvilon
Fedhas
Gozag
Hepliaklqana
Kikubaaqudgha
Makhleb
Nemelex Xobeh
Okawaru
Qazlal
Ru
Sif Muna
Trog
Uskayaw
Vehumet
Wu Jian
Xom
Yredelemnul
Zin
The Shining One
Ignis
Jiyva

Shops:
D:9 !*(   Orc:2 ([!=   Shoals:3 (

Annotations:
D:2 1 runed translucent door, Crazy Yiuf
Lair:3 exclusion: oklob plant
Spider:2 1 runed translucent door, Gychio's ghost, adept TeAE
Slime:5 Royal Jelly


Innate Abilities, Weirdness & Mutations

You have a pair of horns on your head.
You reflexively headbutt those who attack you in melee.
You have hoof-like feet.
You are very agile. (Dex +4)
Your mind is acute. (Int +2)
You are highly strong-willed. (Will++)
You are almost entirely resistant to further mutation and mutation removal.
You passively map a small area around you.
Armour fits poorly on your pseudopods.
You are covered in slimy tendrils that may disarm your opponents.
You have a small jelly attached to you that senses nearby items.


Message History

You kill the wind drake!
The wall burns the merfolk javelineer!
The merfolk javelineer throws a silver javelin.
The silver javelin pierces through you but does no damage.
The silver sears you!
* * * LOW HITPOINT WARNING * * *
Reach: X) +3 demon trident (vamp)
Press: ? - help, Dir - move target, f - merfolk impaler
Aim: a merfolk impaler, wielding a +0 trident and wearing a +0 robe (moderately wounded, about 39% to evade your +3 vampiric demon trident)
You reach to attack!
You closely miss the merfolk impaler.
The merfolk impaler is moderately wounded.
You feel sick.
You hear a distant slurping noise.
The wall burns the merfolk!
The walls burn the merfolk impaler!
You block the merfolk impaler's attack.
As you read the scroll of fear, it crumbles to dust.
You assume a fearsome visage.
The jelly looks frightened!
The jelly quivers.
The merfolk javelineer looks frightened!
The merfolk impaler looks frightened! x2; The merfolk looks frightened! x2
You feel sick. The jelly trembles before you.
You hear a distant slurping noise.
The walls burn the merfolk impaler!
Your attack snaps the merfolk impaler out of its fear.
The merfolk impaler hits you from afar with a +0 trident!
* * * LOW HITPOINT WARNING * * *
The wall burns the merfolk!
Your attack snaps the merfolk out of its fear.
The wall burns the merfolk javelineer!
Your attack snaps the merfolk javelineer out of its fear.
The merfolk javelineer throws a silver javelin.
The silver javelin pierces through you!
* * * LOW HITPOINT WARNING * * *
The silver sears you!
* * * LOW HITPOINT WARNING * * *
The walls burn the merfolk impaler!
The merfolk impaler hits you from afar with a +0 trident!
You die...

.≈≈..≈## ##≈≈..## #....≈≈≈≈≈
.≈≈≈...#######≈≈≈m..####..≈≈≈≈≈≈≈
*#.≈≈..≈≈≈≈≈≈≈≈≈≈≈≈..##..≈≈≈≈≈≈≈≈
##.≈≈≈.≈≈≈≈≈≈≈≈.≈≈≈≈.....≈≈≈≈≈≈≈≈
....≈≈≈≈≈≈≈≈≈≈Et.m≈m.≈≈≈≈≈≈≈≈≈≈≈≈
≈≈≈≈≈≈≈≈(≈.≈≈m.m.mm..≈≈≈≈≈≈≈≈≈≈≈≈
≈≈≈≈≈≈≈≈≈≈..mEmE.mm...≈≈≈≈≈≈≈≈≈≈≈
......≈≈#S...####m###..≈≈≈≈≈≈≈≈≈≈
..≈≈≈≈≈.##...# #@[##..≈≈≈≈≈≈≈≈≈≈≈
..≈≈≈≈≈......###.....≈≈≈≈≈≈≈≈≈≈≈≈
..≈≈≈≈≈........#.≈≈≈≈≈≈≈≈≈≈≈≈≈≈
..≈..≈≈≈.≈≈≈.........≈≈≈≈≈≈≈
.≈≈≈≈≈≈≈.≈≈≈≈≈≈≈≈...≈≈≈≈≈≈≈≈ ≈
≈≈≈≈≈≈≈≈≈≈≈≈≈≈≈≈≈≈≈≈≈≈≈≈ ≈ ≈
≈≈≈..≈≈≈≈≈≈≈≈≈J≈≈≈≈≈≈≈≈≈≈
≈≈≈..≈≈≈≈≈≈≈≈≈≈≈≈≈≈≈≈≈≈≈
≈≈≈.≈≈≈≈≈≈≈≈≈≈≈≈≈≈≈≈≈≈≈≈≈ ≈


You could see 2 merfolk avatars, 2 merfolk impalers, a merfolk javelineer, a
merfolk aquamancer, 2 merfolk and a neutral jelly (fleeing)(fellow slime).

Vanquished Creatures
  Mara (Shoals:3)
  Bai Suzhen (Shoals:2)
  Rupert (Lair:5)
  Asterion (Spider:2)
  A kraken (Shoals:2)
  Kirke (Shoals:3)
  Donald (Spider:2)
  Ilsuiw (Shoals:2)
  3 emperor scorpions
  Louise (Shoals:1)
  4 ghost moths
  2 broodmothers
  A very ugly thing (IceCv)
  5 entropy weavers
  Snorg (Orc:2)
  7 merfolk javelineers
  Josephine (D:12)
  6 merfolk impalers
  2 ice dragons (D:15)
  3 boulder beetles
  Fannar (D:12)
  A rakshasa (D:15)
  13 hydras
  A caustic shrike simulacrum (IceCv)
  2 jorogumos (Spider:4)
  2 vault guards (D:14)
  3 merfolk avatars (Shoals:2)
  2 alligator snapping turtles
  4 catoblepae
  3 radroaches
  5 centaur warriors
  4 two-headed ogres
  3 tengu warriors (D:15)
  5 merfolk aquamancers (Shoals:4)
  2 satyrs (Shoals:3)
  5 death yaks
  Urug (D:9)
  3 orc high priests
  Sonja (D:13)
  A fire crab (Shoals:2)
  3 skeletal warriors (D:11)
  4 pharaoh ants
  14 sea snakes
  8 steelbarb worms
  4 orb spiders
  29 harpies
  2 wizards (D:14)
  7 orc knights
  2 deep elf pyromancers (D:13)
  A harpy (shapeshifter) (D:14)
  2 necromancers (D:14)
  18 wolf spiders
  An ugly thing (D:15)
  15 manticores
  2 orc sorcerers
  6 fauns
  6 cyclopes
  7 black mambas
  5 merfolk sirens
  Maurice (Orc:1)
  3 moths of wrath
  10 elephants
  8 water nymphs
  A torpor snail (Spider:4)
  An ice statue (Shoals:4)
  A gargoyle (D:14)
  13 cane toads
  8 demonic crawlers
  3 rime drakes
  3 anaconda simulacra (IceCv)
  An efreet (D:15)
  12 komodo dragons
  2 tengu conjurers (D:15)
  A yaktaur (D:14)
  14 meliai
  21 merfolk
  4 trolls
  5 wind drakes
  6 polar bears
  Prince Ribbit (D:9)
  27 tarantellas
  Grinder (D:5)
  6 hornets
  14 blink frogs
  12 snapping turtles
  10 dream sheep
  25 jumping spiders
  3 shadows
  Sigmund (D:5)
  7 water elementals
  14 spriggans (Lair:6)
  13 culicivoras
  A fire bat (Shoals:2)
  8 wraiths
  76 yaks
  2 dire elephant simulacra (IceCv)
  19 fire elementals
  5 hogs (Shoals:3)
  6 wyverns
  14 humans (D:14)
  43 redbacks
  3 steam dragons
  6 basilisks
  Edmund (D:5)
  12 water moccasins
  3 wargs
  26 orc warriors
  2 ice beasts
  A sky beast (D:7)
  8 black bears
  An alligator simulacrum (IceCv)
  5 centaurs
  2 necrophages (D:6)
  3 ogres
  A blink frog zombie (D:9)
  4 boggarts (Lair:6)
  23 wolves
  A kobold brigand (D:6)
  A phantom (D:5)
  15 bullfrogs
  A gnoll sergeant (D:7)
  3 scorpions
  A water moccasin zombie (D:5)
  2 jellies
  7 killer bees
  A lindwurm simulacrum (IceCv)
  4 electric eels
  2 howler monkeys (D:8)
  A bullfrog zombie (D:6)
  4 centaur zombies
  A bullfrog skeleton (D:4)
  3 hounds
  15 orc priests
  Terence (D:2)
  4 iguanas
  20 orc wizards
  A hound skeleton (D:5)
  3 mummies (Ossuary)
  6 gnolls
  A howler monkey skeleton (D:3)
  7 adders
  2 ufetubi
  2 worms
  4 dart slugs
  62 orcs
  8 ball pythons
  2 bats (D:2)
  12 endoplasms
  9 giant cockroaches
  A gnoll zombie (Ossuary)
  15 goblins
  20 hobgoblins
  7 jackals
  16 kobolds
  4 frilled lizards
  3 goblin zombies (Ossuary)
  4 hobgoblin zombies (Ossuary)
  2 kobold zombies (Ossuary)
  2 orc zombies (Ossuary)
  3 rats
  4 tentacles (Shoals:2)
1056 creatures vanquished.

Vanquished Creatures (collateral kills)
  A merfolk aquamancer (Shoals:2)
  A death knight (D:12)
  A merfolk (Shoals:2)
  A water elemental (Shoals:2)
  A wraith (D:12)
5 creatures vanquished.

Vanquished Creatures (others)
  A boulder beetle (Spider:2)
  A centaur warrior (D:14)
  A wizard (D:14)
  A wolf spider (Spider:2)
  An orc sorcerer (Orc:2)
  A water nymph (Shoals:2)
  A cane toad (Lair:6)
  A rime drake (Lair:6)
  A meliai (D:15)
  3 tarantellas
  A dream sheep (Shoals:1)
  A culicivora (Spider:2)
  A hog (Shoals:3)
  A human (D:14)
  2 redbacks (Spider:2)
  A warg (Orc:1)
  3 centaurs (D:14)
  A kobold brigand (D:10)
  An electric eel (Lair:6)
  A centaur zombie (D:10)
  170 jellies
  2 orc priests
  5 orc wizards
  5 orcs
  4 kobolds (D:10)
  A bush (Lair:6)
  142 foxfires
  91 fungi
  402 plants
  27 tentacles
  A withered plant (D:15)
875 creatures vanquished.

Grand Total: 1936 creatures vanquished

Notes
Turn   | Place    | Note
-------+----------+-------------------------------------------
     0 | D:1      | jjjjhere the Minotaur Hunter began the quest for the Orb.
     0 | D:1      | Reached XP level 1. HP: 18/18 MP: 0/0
   132 | D:1      | Reached skill level 3 in Fighting
   249 | D:1      | Reached XP level 2. HP: 26/26 MP: 1/1
   538 | D:1      | Reached skill level 4 in Fighting
  1016 | D:1      | Reached XP level 3. HP: 31/33 MP: 2/2
  1222 | D:1      | Found a faded altar of an unknown god.
  1252 | D:1      | Prayed at the altar of an unknown god.
  1252 | D:1      | Became a worshipper of Ignis, the Dying Flame
  1495 | D:2      | Noticed Terence
  1510 | D:2      | Killed Terence
  1511 | D:2      | Reached skill level 5 in Fighting
  1645 | D:2      | Reached XP level 4. HP: 40/42 MP: 1/3
  1685 | D:2      | Reached skill level 1 in Axes
  2326 | D:2      | Found a runed translucent door.
  2327 | D:2      | Noticed Crazy Yiuf
  2906 | D:3      | Reached XP level 5. HP: 48/48 MP: 4/4
  3492 | D:4      | Reached skill level 5 in Axes
  3496 | D:4      | Reached XP level 6. HP: 56/56 MP: 3/5
  3919 | D:5      | Entered Level 5 of the Dungeon
  3921 | D:5      | Found a staircase to the Ecumenical Temple.
  3924 | D:5      | Noticed an ice beast
  3936 | D:5      | Killed an ice beast
  3989 | D:5      | Noticed Pikel
  4013 | D:4      | Noticed Pikel
  4013 | D:4      | Pikel changed into Pikel the ball python
  4014 | D:4      | Killed Pikel the ball python
  4189 | D:5      | Noticed Sigmund
  4189 | D:5      | Noticed Grinder
  4307 | Temple   | Entered the Ecumenical Temple
  4557 | D:5      | Noticed an orc warrior
  4569 | D:5      | Reached XP level 7. HP: 61/61 MP: 6/6
  4803 | D:5      | Paralysed by Grinder for 4 turns
  4812 | D:5      | Killed Grinder
  4920 | D:5      | Killed Sigmund
  4921 | D:5      | Reached XP level 8. HP: 68/68 MP: 7/7
  4993 | D:5      | Reached skill level 10 in Axes
  5178 | D:5      | Noticed Edmund
  5190 | D:5      | Killed Edmund
  6248 | D:6      | Found a hazy altar of Hepliaklqana.
  6280 | D:6      | Reached XP level 9. HP: 63/74 MP: 8/8
  6719 | D:6      | Reached skill level 15 in Axes
  7228 | D:7      | Reached skill level 1 in Shields
  7826 | D:8      | Reached XP level 10. HP: 81/81 MP: 9/9
  7963 | D:8      | Identified the amulet of Fatigue {RegenMP rElec rPois Will-
                  | Str+5}
  8232 | D:8      | Found a glowing golden altar of the Shining One.
  8315 | D:8      | Found a sand-covered staircase.
  8320 | Ossuary  | Entered an ossuary
  9101 | D:8      | Reached skill level 5 in Shields
  9151 | D:8      | HP: 26/81 [yak (10)]
  9693 | D:9      | Found Madator's Changing Room.
  9786 | D:9      | Found a staircase to the Lair.
  9805 | D:9      | Found a flagged portal.
  9812 | D:9      | Identified the +8 hand axe "Dragonslayer" {freeze, rElec
                  | Dex+3}
  9817 | Bailey   | Entered a bailey
  9887 | Bailey   | Noticed an orc knight
  9905 | Bailey   | Killed an orc knight
  9906 | Bailey   | Reached skill level 6 in Fighting
 10087 | Bailey   | Noticed an orc knight
 10135 | Bailey   | Killed an orc knight
 10342 | Bailey   | Noticed an orc warlord
 10345 | Bailey   | HP: 24/84 [orc warlord/+3 vorpal great sword (5)]
 10621 | D:9      | Noticed Prince Ribbit
 10636 | D:9      | Reached skill level 7 in Fighting
 10648 | D:9      | Killed Prince Ribbit
 10821 | D:9      | Found Zoucong's Weapon Shop.
 10832 | D:9      | Bought 2 curare-tipped darts for 12 gold pieces
 10979 | D:9      | Reached XP level 11. HP: 92/92 MP: 10/10
 10992 | D:9      | Reached skill level 10 in Shields
 11073 | D:9      | Found a staircase to the Orcish Mines.
 11338 | D:9      | Found Tanifily's Distillery.
 11605 | Lair:1   | Entered Level 1 of the Lair of Beasts
 11668 | Lair:1   | Reached skill level 8 in Fighting
 11784 | Lair:1   | Noticed a five-headed hydra
 11807 | Lair:1   | Killed a five-headed hydra
 11818 | Lair:1   | Noticed a six-headed hydra
 11826 | Lair:1   | HP: 30/94 [six-headed hydra (4)]
 11827 | Lair:1   | HP: 10/94 [six-headed hydra (9)]
 11828 | Lair:1   | Killed a six-headed hydra
 12204 | Lair:1   | Reached skill level 1 in Evocations
 13724 | Lair:2   | Reached XP level 12. HP: 94/103 MP: 9/11
 13736 | Lair:2   | Reached skill level 5 in Evocations
 14096 | Lair:2   | Noticed an eight-headed hydra
 14115 | Lair:2   | Killed an eight-headed hydra
 14339 | Lair:2   | Found a hole to the Spider Nest.
 14647 | Lair:2   | Noticed a catoblepas
 14667 | Lair:2   | Killed a catoblepas
 14691 | Lair:2   | Found a staircase to the Shoals.
 15101 | Lair:2   | Reached skill level 9 in Fighting
 15705 | Lair:3   | Noticed a four-headed hydra
 15719 | Lair:3   | Killed a four-headed hydra
 15720 | Lair:3   | Reached skill level 1 in Armour
 16258 | Lair:3   | Noticed a six-headed hydra
 16272 | Lair:3   | Killed a six-headed hydra
 16442 | Lair:3   | Reached skill level 5 in Armour
 17378 | Lair:4   | Reached XP level 13. HP: 111/111 MP: 12/12
 17533 | Lair:4   | Found a hide-covered altar of Uskayaw.
 18063 | Lair:5   | Noticed Rupert
 18393 | Lair:5   | Found a staircase to the Slime Pits.
 18393 | Lair:5   | Found a viscous altar of Jiyva.
 18413 | Lair:5   | Fell from the grace of Ignis
 18413 | Lair:5   | Became a worshipper of Jiyva Julaaplu the Shapeless
 18499 | Lair:5   | Paralysed by Rupert for 5 turns
 18522 | Lair:5   | Killed Rupert
 19368 | Lair:6   | Entered Level 6 of the Lair of Beasts
 19438 | Lair:5   | Reached skill level 10 in Evocations
 20037 | Lair:6   | Reached skill level 10 in Armour
 20302 | Lair:6   | Identified the +2 leather armour "Jylek" {rC+ rN+}
 20857 | Lair:6   | Reached XP level 14. HP: 96/118 MP: 13/13
 21362 | Lair:6   | Reached * piety under Jiyva
 22088 | Lair:6   | Was forgiven by Ignis
 22269 | Orc:1    | Entered Level 1 of the Orcish Mines
 22269 | Orc:1    | Noticed Urug
 22280 | D:9      | Killed Urug
 22331 | D:10     | Entered Level 10 of the Dungeon
 22590 | D:10     | Reached ** piety under Jiyva
 22720 | D:10     | Reached skill level 1 in Polearms
 23603 | D:11     | Reached *** piety under Jiyva
 23603 | D:11     | Gained mutation: You passively map a small area around you.
                  | [Jiyva's grace]
 23603 | D:11     | Gained mutation: You passively map the area around you.
                  | [Jiyva's grace]
 23603 | D:11     | Gained mutation: You passively map a large area around you.
                  | [Jiyva's grace]
 23603 | D:11     | Gained mutation: You possess an exceptional clarity of
                  | mind. [Jiyva's grace]
 24100 | D:12     | HP: 34/114 [death knight/+0 great sword (14)]
 24106 | D:12     | HP: 30/114 [death knight/+0 great sword (11)]
 24831 | Orc:1    | Noticed Maurice
 24854 | Orc:1    | Killed Maurice
 25068 | Orc:2    | Entered Level 2 of the Orcish Mines
 25170 | Orc:2    | Reached **** piety under Jiyva
 25191 | Orc:2    | Found a staircase to the Elven Halls.
 25674 | Orc:2    | Noticed Snorg
 25691 | Orc:2    | HP: 35/118 [Snorg (9)]
 25705 | Orc:2    | Killed Snorg
 25791 | Orc:2    | Gained mutation: Your mind is acute. (Int +2) [Jiyva's
                  | grace]
 25791 | Orc:2    | Gained mutation: Your mind is very acute. (Int +4) [Jiyva's
                  | grace]
 25791 | Orc:2    | Gained mutation: Armour fits poorly on your pseudopods.
                  | [Jiyva's grace]
 25791 | Orc:2    | Gained mutation: Armour fits poorly on your large
                  | pseudopods. [Jiyva's grace]
 25899 | Orc:2    | Found Ruimug's Weapon Emporium.
 25931 | Orc:2    | Gained mutation: Armour fits poorly on your strangely
                  | shaped body. [a neqoxec]
 25938 | Orc:2    | Reached skill level 5 in Polearms
 26437 | Orc:2    | Found Vumogop's Distillery.
 26450 | Orc:2    | Found Ycyt's Jewellery Boutique.
 26452 | Orc:2    | Found Zixkan's Armour Emporium.
 26463 | Orc:2    | Bought a +2 plate armour of cold resistance for 520 gold
                  | pieces
 26773 | D:12     | Reached ***** piety under Jiyva
 27115 | D:12     | Noticed Josephine
 27125 | D:12     | Killed Josephine
 27131 | D:12     | Reached XP level 15. HP: 104/122 MP: 14/14
 27273 | D:12     | Noticed Fannar
 27282 | D:12     | Killed Fannar
 27283 | D:12     | Reached skill level 10 in Fighting
 27889 | D:13     | Got the Almanac of Captivating Heat
 28011 | D:13     | Noticed Sonja
 28040 | D:13     | Killed Sonja
 28114 | D:13     | Lost mutation: You possess an exceptional clarity of mind.
                  | [Jiyva's grace]
 28114 | D:13     | Lost mutation: You passively map a large area around you.
                  | [Jiyva's grace]
 28114 | D:13     | Lost mutation: You passively map the area around you.
                  | [Jiyva's grace]
 28114 | D:13     | Lost mutation: Armour fits poorly on your large pseudopods.
                  | [Jiyva's grace]
 28114 | D:13     | Gained mutation: You have a small jelly attached to you
                  | that senses nearby items. [Jiyva's grace]
 28114 | D:13     | Gained mutation: You possess an exceptional clarity of
                  | mind. [Jiyva's grace]
 28114 | D:13     | Gained mutation: You are agile. (Dex +2) [Jiyva's grace]
 28114 | D:13     | Gained mutation: You are very agile. (Dex +4) [Jiyva's
                  | grace]
 28534 | D:14     | Reached skill level 11 in Fighting
 28782 | D:14     | Reached ****** piety under Jiyva
 29032 | D:14     | Found a gate to the Vaults.
 29249 | D:15     | Entered Level 15 of the Dungeon
 29328 | D:15     | Reached skill level 12 in Fighting
 29627 | D:15     | Found a staircase to the Depths.
 30008 | D:15     | Lost mutation: Your mind is very acute. (Int +4) [Jiyva's
                  | grace]
 30008 | D:15     | Lost mutation: Armour fits poorly on your strangely shaped
                  | body. [Jiyva's grace]
 30008 | D:15     | Lost mutation: Armour fits poorly on your pseudopods.
                  | [Jiyva's grace]
 30008 | D:15     | Gained mutation: You are covered in slimy tendrils that may
                  | disarm your opponents. [Jiyva's grace]
 30008 | D:15     | Gained mutation: You have large cloven feet. [Jiyva's
                  | grace]
 30008 | D:15     | Gained mutation: You have hoof-like feet. [Jiyva's grace]
 30008 | D:15     | Gained mutation: You have hooves in place of feet. [Jiyva's
                  | grace]
 30636 | Spider:1 | Entered Level 1 of the Spider Nest
 30647 | Spider:1 | Reached skill level 13 in Fighting
 30847 | Spider:1 | Acquired a +2 hat of willpower
 31768 | Spider:1 | You fall into a shaft and drop 1 floor!
 32127 | Spider:2 | Reached skill level 15 in Armour
 32270 | Spider:2 | Noticed Arachne
 32294 | Spider:2 | Slimified Arachne
 32294 | Spider:2 | Noticed Arachne
 32294 | Spider:2 | Arachne changed into Arachne the azure jelly
 32397 | Spider:2 | Reached XP level 16. HP: 135/145 MP: 15/15
 32422 | Spider:2 | Noticed Asterion
 32544 | Spider:2 | HP: 42/145 [meliai/divine providence (12)]
 32546 | Spider:2 | Killed Asterion
 32547 | Spider:2 | Reached skill level 14 in Fighting
 32624 | Spider:2 | Found a runed translucent door.
 32625 | Spider:2 | Found a shimmering altar of Xom.
 32625 | Spider:2 | Noticed Gychio's ghost (adept TeAE)
 32625 | Spider:2 | Identified the +5 great sword of Discord {chaos, rC- Int+3
                  | SInv}
 33685 | Spider:2 | Noticed Donald
 33694 | Spider:2 | Killed Donald
 33720 | Spider:2 | Lost mutation: Your mind is acute. (Int +2) [Jiyva's grace]
 33720 | Spider:2 | Gained mutation: Armour fits poorly on your pseudopods.
                  | [Jiyva's grace]
 33720 | Spider:2 | Gained mutation: Armour fits poorly on your large
                  | pseudopods. [Jiyva's grace]
 33720 | Spider:2 | Gained mutation: Armour fits poorly on your massive
                  | pseudopods. [Jiyva's grace]
 33720 | Spider:2 | Gained mutation: You are strong-willed. (Will+) [Jiyva's
                  | grace]
 34206 | Spider:3 | Reached skill level 15 in Fighting
 34230 | Spider:3 | Gained mutation: You are weak. (Str -2) [mutagenic glow]
 34239 | Spider:3 | Gained mutation: You are dopey. (Int -2) [mutagenic glow]
 34596 | Spider:3 | Reached skill level 5 in Throwing
 35246 | Spider:4 | Entered Level 4 of the Spider Nest
 35510 | Spider:4 | HP: 46/140 [meliai/divine providence (11)]
 35518 | Spider:4 | HP: 45/140 [meliai (4)]
 35523 | Spider:4 | HP: 36/140 [meliai (6)]
 35528 | Spider:4 | HP: 35/141 [poisoned by a meliai]
 35533 | Spider:4 | HP: 40/141 [poisoned by a meliai]
 35814 | Spider:4 | Reached skill level 16 in Fighting
 36374 | Spider:3 | HP: 50/152 [entropy weaver (3)]
 36379 | Spider:3 | HP: 27/152 [wolf spider (5)]
 36862 | Spider:4 | HP: 46/152 [something (6)]
 36868 | Spider:4 | HP: 34/152 [something (3)]
 36871 | Spider:4 | HP: 8/152 [something (9)]
 37574 | Spider:4 | Got a gossamer rune of Zot
 37698 | Shoals:1 | Entered Level 1 of the Shoals
 37866 | Shoals:1 | Reached XP level 17. HP: 160/160 MP: 16/16
 37916 | Shoals:1 | Reached skill level 17 in Fighting
 38161 | Shoals:1 | Lost mutation: You possess an exceptional clarity of mind.
                  | [Jiyva's grace]
 38161 | Shoals:1 | Lost mutation: You are strong-willed. (Will+) [Jiyva's
                  | grace]
 38161 | Shoals:1 | Lost mutation: You are weak. (Str -2) [Jiyva's grace]
 38161 | Shoals:1 | Gained mutation: You are strong-willed. (Will+) [Jiyva's
                  | grace]
 38161 | Shoals:1 | Gained mutation: You are highly strong-willed. (Will++)
                  | [Jiyva's grace]
 38161 | Shoals:1 | Gained mutation: You are extremely strong-willed. (Will+++)
                  | [Jiyva's grace]
 38161 | Shoals:1 | Gained mutation: Your spells are a little harder to cast,
                  | but a little more powerful. [Jiyva's grace]
 38519 | Shoals:1 | Noticed Louise
 38536 | Shoals:1 | Killed Louise
 38607 | Shoals:1 | Found a shimmering blue altar of Sif Muna.
 38612 | Shoals:1 | Noticed a kraken
 39537 | Slime:1  | Entered Level 1 of the Pits of Slime
 39537 | Slime:1  | Noticed an acid blob
 39605 | Slime:4  | Noticed an acid blob
 39608 | Slime:5  | Entered Level 5 of the Pits of Slime
 39665 | Slime:5  | Noticed an acid blob
 39666 | Slime:5  | Noticed the Royal Jelly
 39666 | Slime:5  | Found a viscous altar of Jiyva.
 39667 | Slime:5  | Found the +8 autumn katana {vorpal, manifold assault}
 39670 | Slime:5  | Noticed an acid blob
 39674 | Slime:5  | Got a slimy rune of Zot
 39675 | Slime:5  | Noticed an acid blob
 39685 | Slime:5  | Identified the +2 pair of gloves of Free Will {rN+ Stlth+}
 39705 | Slime:5  | Identified the +1 ring mail of the Harvest {Dex+2 SInv}
 39732 | Slime:5  | Noticed an acid blob
 39794 | Slime:5  | Noticed an acid blob
 39929 | Slime:1  | Noticed an acid blob
 40131 | Shoals:2 | Noticed a kraken
 40134 | Shoals:2 | Reached skill level 10 in Throwing
 40173 | Shoals:2 | Reached skill level 18 in Fighting
 40217 | Shoals:2 | Killed a kraken
 40900 | Shoals:3 | Noticed Ilsuiw
 41023 | Shoals:3 | Noticed Kirke
 41036 | Shoals:3 | Killed Kirke
 41379 | Shoals:2 | Killed Ilsuiw
 41604 | Shoals:3 | Found Fures's Weapon Shoppe.
 41616 | Shoals:3 | Noticed Bai Suzhen
 41663 | Shoals:3 | HP: 51/166 [Bai Suzhen/torrent of water (41)]
 41741 | Shoals:2 | Killed Bai Suzhen
 41913 | Shoals:3 | Noticed Mara
 41930 | Shoals:3 | Noticed jjjjhere's illusion
 41941 | Shoals:3 | Reached skill level 19 in Fighting
 41987 | Shoals:3 | Noticed jjjjhere's illusion
 42009 | Shoals:3 | Noticed jjjjhere's illusion
 42012 | Shoals:3 | HP: 50/168 [Mara (illusionary)/bolt of fire (58)]
 42014 | Shoals:3 | Killed Mara
 42320 | Shoals:4 | Entered Level 4 of the Shoals
 42331 | Shoals:4 | Found a frozen archway.
 42343 | IceCv    | Entered an ice cave
 42370 | IceCv    | HP: 52/168 [caustic shrike simulacrum (14)]
 42441 | IceCv    | Found a transporter.
 42452 | IceCv    | Found a transporter.
 42522 | Shoals:4 | Reached XP level 18. HP: 167/176 MP: 17/17
 43133 | Shoals:4 | Lost mutation: You have hooves in place of feet. [Jiyva's
                  | grace]
 43133 | Shoals:4 | Lost mutation: You are dopey. (Int -2) [Jiyva's grace]
 43133 | Shoals:4 | Lost mutation: You are extremely strong-willed. (Will+++)
                  | [Jiyva's grace]
 43133 | Shoals:4 | Lost mutation: Your spells are a little harder to cast, but
                  | a little more powerful. [Jiyva's grace]
 43133 | Shoals:4 | Lost mutation: Armour fits poorly on your massive
                  | pseudopods. [Jiyva's grace]
 43133 | Shoals:4 | Lost mutation: Armour fits poorly on your large pseudopods.
                  | [Jiyva's grace]
 43133 | Shoals:4 | Gained mutation: You are somewhat resistant to further
                  | mutation. [Jiyva's grace]
 43133 | Shoals:4 | Gained mutation: You are somewhat resistant to both further
                  | mutation and mutation removal. [Jiyva's grace]
 43133 | Shoals:4 | Gained mutation: You are almost entirely resistant to
                  | further mutation and mutation removal. [Jiyva's grace]
 43133 | Shoals:4 | Gained mutation: Your mind is acute. (Int +2) [Jiyva's
                  | grace]
 43235 | Shoals:4 | HP: 50/178 [alligator snapping turtle (28)]
 43242 | Shoals:4 | HP: 55/178 [something (3)]
 43262 | Shoals:4 | Reached skill level 20 in Fighting
 43270 | Shoals:4 | HP: 58/178 [manticore (10)]
 43275 | Shoals:4 | HP: 53/178 [poisoned by a merfolk impaler]
 43280 | Shoals:4 | HP: 37/178 [poisoned by a merfolk impaler]
 43282 | Shoals:4 | HP: 13/178 [merfolk javelineer/silver javelin (12)]
 43282 | Shoals:4 | HP: 5/178 [merfolk javelineer/silver javelin (8)]
 43282 | Shoals:4 | Slain by a merfolk impaler

Illustrated notes

Levels and vault maps discovered:
D:1:      kilobyte_arrival_exit_the_forest, layout_basic,
          basic_ecumenical_altar, minmay_statues_item, minmay_split_cup_large
D:2:      layout_loops_ring, kennysheep_pointless_box, nrook_campfire,
          grunt_ministairs_1, minmay_pentomino_t2, uniq_crazy_yiuf_cottage,
          uniq_terence
D:3:      layout_loops_ring, minmay_pentomino_pile
D:4:      layout_cave_pools
D:5:      layout_loops_ring, minmay_temple_entry_mini_moons,
          kennysheep_cross_bottleneck, uniq_pikel, uniq_sigmund, uniq_edmund,
          uniq_grinder
D:6:      layout_loops_ring, nzn_hepliaklqana_mist_gate,
          minmay_fractal_squares_5
D:7:      layout_basic, grunt_ministairs_1, minmay_misc_feat_plants
D:8:      layout_loops_corners, enter_ossuary_5, minmay_misc_feat_diagonals,
          minmay_ruined_shrine
D:9:      layout_basic, lair_entry_dummy, hiddenorc1_lemuel, serial_shops,
          nicolae_shop_bloodbath_and_beyond, nicolae_shop_statue_plus,
          enter_bailey_2, nicolae_transmutations_shop, uniq_prince_ribbit1
D:10:     layout_loops_corners, minmay_misc_feat_doors
D:11:     layout_roguey, grunt_decor_clamped
D:12:     layout_layer_cave, uniq_fannar, uniq_josephine
D:13:     layout_big_octagon, uniq_sonja
D:14:     layout_small_grid, grunt_vaults_entry_tiered, glass_columns_c
D:15:     grunt_enter_depths_hoard, layout_long_grid, serial_bayou_lagoon_a,
          argonaut_gorgonesque
Temple:   minmay_crystal_snake_temple
Lair:1:   layout_hall_layers, grunt_megastairs_3
Lair:2:   layout_cave_pods, shoals_dummy_entry, spider_nest_entry_webs,
          chequers_serial_rivers_small_b, chequers_serial_rivers_small_b,
          ldierk_geyser
Lair:3:   layout_gridlike, chequers_serial_rivers_micro_b
Lair:4:   wad_woods_stonehenge, layout_misc_corridors
Lair:5:   layout_misc_corridors, slime_altar_1, cheibrodos_lair_lostbears,
          uniq_rupert
Lair:6:   minmay_lair_end_enchanted_forest, layout_gridlike, serial_forest,
          infiniplex_forest_lined_corner, infiniplex_forest_clump_curved,
          infiniplex_forest_lined_3, infiniplex_forest_straight_4,
          infiniplex_forest_join, infiniplex_forest_corner_2,
          infiniplex_forest_clump_long, infiniplex_staircase_pool
Shoals:1: layout_shoals, wheals_shoals_ruined_temple, uniq_louise
Shoals:2: layout_shoals, hangedman_shoal_volcano
Shoals:3: layout_shoals, serial_shops, nicolae_shop_hallway_plus, uniq_kirke,
          uniq_bai_suzhen, uniq_ilsuiw, uniq_mara
Shoals:4: shoals_end_hangedman, layout_shoals,
          portal_ice_cave_entry_ice_statue_one
Spider:1: layout_cave_pods
Spider:2: nicolae_spider_hilbert_zone_2 [nicolae_spider_hilbert_4_sides_1_open,
          nicolae_spider_hilbert_4_sides_1_open,
          nicolae_spider_hilbert_4_sides_1_open,
          nicolae_spider_hilbert_4_sides_1_open,
          nicolae_spider_hilbert_6_sides_1_open,
          nicolae_spider_hilbert_6_sides_1_open,
          nicolae_spider_hilbert_3_sides_1_open,
          nicolae_spider_hilbert_3_sides_1_open,
          nicolae_spider_hilbert_3_sides_1_open,
          nicolae_spider_hilbert_3_sides_1_open,
          nicolae_spider_hilbert_6_sides_1_open,
          nicolae_spider_hilbert_6_sides_1_open,
          nicolae_spider_hilbert_6_sides_1_open,
          nicolae_spider_hilbert_6_sides_1_open], ebering_ghost_xom,
          uniq_arachne, uniq_donald, uniq_asterion
Spider:3: layout_cave_pods, drop_trap, nicolae_spider_shape
Spider:4: grunt_spider_rune_parallel
Slime:1:  layout_caves
Slime:2:  nicolae_slime_jelly_donut, layout_caves
Slime:3:  layout_caves
Slime:4:  layout_caves
Slime:5
Orc:1:    layout_caves, statue_in_the_mist_lemuel, uniq_maurice, uniq_harold,
          uniq_urug
Orc:2:    st_orc_elflike, layout_caves, uniq_snorg

Skill      XL: |  1  2  3  4  5  6  7  8  9 10 11 12 13 14 15 16 17 18 |
---------------+-------------------------------------------------------+-----
Fighting       | 3 4 5 7 8 9 13 16 19 20 | 20.1
Axes           | 3 5 7 9 12 15 16 | 16.0
Shields        | 3 9 13 14 | 14.0
Evocations     | 4 8 11 12 | 12.6
Armour         | 6 11 13 15 16 17 | 17.7
Polearms       | 6 9 |  9.6
Throwing       | 8 11 | 11.0
Dodging        | |  2.1
Stealth        | |  0.7

Action                   |  1- 3 |  4- 6 |  7- 9 | 10-12 | 13-15 | 16-18 || total
-------------------------+-------+-------+-------+-------+-------+-------++-------
Melee: Short sword       |    52 |       |       |       |       |       ||    52
       Headbutt          |    18 |    16 |    63 |   164 |   405 |   300 ||   966
       Whip              |    28 |    18 |   242 |    96 |    34 |       ||   418
       Hand axe          |     2 |   127 |    57 |   572 |   595 |       ||  1353
       Punch             |     1 |     1 |     6 |       |       |       ||     8
       Demon trident     |       |       |       |       |  1176 |  1496 ||  2672
       Pseudopods        |       |       |       |       |   104 |   226 ||   330
       Kick              |       |       |       |       |    96 |   402 ||   498
Throw: Throwing net      |       |       |     2 |     1 |     1 |       ||     4
       Javelin           |       |       |       |    12 |     6 |       ||    18
       Dart              |       |       |       |       |     4 |       ||     4
Invok: Foxfire Swarm     |     2 |     1 |       |     5 |       |       ||     8
       Oozemancy         |       |       |       |       |     2 |     7 ||     9
       Slimify           |       |       |       |       |     1 |       ||     1
 Abil: Evoke Invisibilit |       |       |       |       |     2 |       ||     2
Evoke: Wand              |       |     2 |     2 |     4 |    13 |    22 ||    43
  Use: Scroll            |       |       |       |    27 |     8 |     4 ||    39
       Potion            |       |       |       |       |     1 |     5 ||     6
 Stab: Sleeping          |     1 |       |       |       |       |       ||     1
       Distracted        |       |       |       |     1 |     1 |       ||     2
       Petrified         |       |       |       |     2 |     6 |       ||     8
       Held in net/web   |       |       |       |       |     3 |       ||     3
       Invisible         |       |       |       |       |    12 |       ||    12
Armor: Leather armour    |    14 |       |       |       |       |       ||    14
       Ring mail         |       |    47 |    59 |   123 |   289 |       ||   518
       Plate armour      |       |       |       |       |   274 |   715 ||   989
Dodge: Dodged            |    47 |   114 |   120 |   203 |   567 |   538 ||  1589
Block: Kite shield       |       |       |    19 |   216 |   859 |   909 ||  2003
       Reflection        |       |       |       |       |       |    59 ||    59
